 Dungeon Crawl Stone Soup version 0.19-a0-944-gb338e1e (webtiles) character file.

691850 Beldrama the Pyromancer (level 27, -1/136 HPs)
             Began as a Gargoyle Fire Elementalist on June 30, 2016.
             Was the Champion of Vehumet.
             Blown up by an eye of devastation (17 damage)
             ... with a bolt of energy
             ... on level 3 of the Abyss on July 9, 2016.
             The game lasted 14:26:26 (101507 turns).

Beldrama the Pyromancer (GrFE)                    Turns: 101507, Time: 14:26:27

Health: -1/136     AC: 43    Str: 14 (16) XL:     27
Magic:  11/58      EV: 12    Int: 35      God:    Vehumet [******]
Gold:   8655       SH: 12    Dex:  6      Spells: 14 memorised, 8 levels left

rFire  + + +     SeeInvis +     Y - staff of energy
rCold  + + +     Gourm    .     H - +2 robe {rC+ rF+}
rNeg   + + +     Faith    .     a - +3 buckler of Absolutism {MR+ Dex-3 Stlth+}
rPois  ∞         Spirit   .     K - +2 hat {MR+}
rElec  +         Dismiss  .     k - +1 cloak of Boill {Int+5}
rCorr  .         Reflect  +     g - +1 pair of gloves {archery}
SustAt .         Harm     .     O - +2 pair of boots {Stlth+}
MR     +++++                    x - amulet of the Exiled Gods {Reflect +Inv rF++ Int+2 SH+5 SInv}
Stlth  ++++......               D - ring of Dishonour {rC+ MR+ MP+9 SInv Stlth+}
                                L - ring of the Mage {Wiz MR++ Int+3}

@: about to teleport, lich-form, flying, very slightly contaminated, almost
entirely resistant to hostile enchantments, stealthy
A: big wings, rough black scales 1, negative energy resistance 1, robust 1,
electricity resistance, unbreathing, petrification resistance, rot immunity, AC
+20
a: Stop Flying, End Transformation, Renounce Religion, Evoke Invisibility
}: 4/15 runes: decaying, slimy, silver, gossamer


You were on level 3 of the Abyss.
You worshipped Vehumet.
Vehumet was exalted by your worship.
You were not hungry.
You were a lich.
You visited 11 branches of the dungeon, and saw 53 of its levels.
You visited the Abyss 1 time.
You visited 1 bazaar.
You also visited: Labyrinth, Sewer and Wizlab.

You collected 11145 gold pieces.
You spent 2490 gold pieces at shops.

Inventory:

Armour
 a - the +3 buckler of Absolutism (worn) {MR+ Dex-3 Stlth+}
   (You took it off a deep elf annihilator on level 3 of the Elven Halls)

   It affects your dexterity (-3).
   It affects your resistance to hostile enchantments.
   It makes you more stealthy.
 g - a +1 pair of gloves of archery (worn)
 k - the +1 cloak of Boill (worn) {Int+5}
   (You found it in a wizard's laboratory)

   It affects your intelligence (+5).
 H - a +2 robe of resistance (worn)
 K - a +2 hat of magic resistance (worn)
 O - a +2 pair of boots of stealth (worn)
Magical Staves
 Y - an uncursed staff of energy (weapon)
Jewellery
 h - an uncursed ring of sustain attributes
 x - the amulet of the Exiled Gods (around neck) {Reflect +Inv rF++ Int+2 SH+5 SInv}
   (You found it on level 5 of the Pits of Slime)

   [amulet of reflection]

   It shields you and reflects attacks.
   It affects your intelligence (+2).
   It greatly protects you from fire.
   It lets you see invisible.
   It lets you turn invisible.
   It affects your SH (+5).
 D - the ring of Dishonour (right hand) {rC+ MR+ MP+9 SInv Stlth+}
   (You took it off a deep elf sorcerer on level 3 of the Elven Halls)

   [ring of see invisible]

   It protects you from cold.
   It affects your resistance to hostile enchantments.
   It affects your magic capacity (+9).
   It lets you see invisible.
   It makes you more stealthy.
 L - the ring of the Mage (left hand) {Wiz MR++ Int+3}
   (You took it off a tengu reaver on level 5 of the Vaults)

   [ring of wizardry]

   It improves your spell success rate.
   It affects your intelligence (+3).
   It affects your resistance to hostile enchantments.
 S - an uncursed ring of protection from magic
 U - an uncursed ring of resist corrosion
Wands
 n - a wand of digging (2/24)
 E - a wand of flame (23/48)
 I - a wand of iceblast (9/15)
 J - a wand of teleportation (5/9)
 R - a wand of iceblast (5/15)
Scrolls
 d - 8 scrolls of amnesia
 m - a scroll of holy word
 o - 22 scrolls of remove curse
 r - 9 scrolls of fog
 u - 5 scrolls of blinking
 w - a scroll of silence
 y - 17 scrolls of identify
 C - 5 scrolls of enchant armour
 M - 9 scrolls of recharging
 N - 2 scrolls of enchant weapon
 P - 2 scrolls of magic mapping
 W - a scroll of summoning
 X - 5 scrolls of fear
Potions
 b - a potion of magic
 e - 6 potions of brilliance
 f - 4 potions of ambrosia
 i - 7 potions of cancellation
 j - 2 potions of berserk rage
 l - 3 potions of resistance
 s - 4 potions of heal wounds
 t - 13 potions of curing
 z - 2 potions of haste
 F - 2 potions of cure mutation
 Q - 7 potions of invisibility
 Z - 3 potions of agility
Books
 q - a book of Ice

   Spells                             Type                      Level
   a - Ice Form                       Ice/Transmutation            4
   b - Metabolic Englaciation         Hexes/Ice                    5
   c - Ozocubu's Refrigeration        Ice                          6
   d - Bolt of Cold                   Conjuration/Ice              6
   e - Freezing Cloud                 Conjuration/Ice/Air          6
   f - Simulacrum                     Ice/Necromancy               6
 v - a Necronomicon

   Spells                             Type                      Level
   a - Haunt                          Necromancy/Summoning         7
   b - Borgnjor's Revivification      Necromancy                   8
   c - Death's Door                   Charms/Necromancy            8
   d - Infestation                    Necromancy                   8
   e - Necromutation                  Transmutation/Necromancy     8
 T - a book of Flames

   Spells                             Type                      Level
   a - Flame Tongue                   Conjuration/Fire             1
   b - Throw Flame                    Conjuration/Fire             2
   c - Conjure Flame                  Conjuration/Fire             3
   d - Inner Flame                    Hexes/Fire                   3
   e - Sticky Flame                   Conjuration/Fire             4
   f - Fireball                       Conjuration/Fire             5
Miscellaneous
 p - a crystal ball of energy
Comestibles
 c - 4 bread rations
 A - 5 meat rations


   Skills:
 * Level 3.3 Dodging
 - Level 2.1 Stealth
 - Level 4.0 Shields
 + Level 22.6 Spellcasting
 + Level 20.4 Conjurations
 + Level 16.8 Necromancy
 + Level 14.1 Transmutations
 + Level 24.2 Fire Magic
 * Level 17.6 Evocations


You had 8 spell levels left.
You knew the following spells:

 Your Spells              Type           Power        Failure   Level  Hunger
a - Fire Storm            Conj/Fire      ########..   1%          9    N/A
b - Throw Flame           Conj/Fire      ######       0%          2    N/A
c - Conjure Flame         Conj/Fire      ########     0%          3    N/A
d - Sticky Flame          Conj/Fire      ########     0%          4    N/A
e - Fireball              Conj/Fire      ########..   0%          5    N/A
f - Iskenderun's Battles  Conj/Chrm      #######.     1%          5    N/A
g - Venom Bolt            Conj/Pois      #######...   1%          5    N/A
h - Animate Dead          Necr           N/A          0%          4    N/A
i - Iron Shot             Conj/Erth      #######...   1%          6    N/A
j - Spellforged Servitor  Conj/Summ      #######...   1%          7    N/A
k - Blink                 Tloc           N/A          1%          2    N/A
l - Beastly Appendage     Tmut           ######       0%          1    N/A
q - Delayed Fireball      Conj/Fire      N/A          1%          7    N/A
s - Necromutation         Tmut/Necr      ########..   4%          8    N/A

Dungeon Overview and Level Annotations

Branches:
Dungeon (15/15)            Temple (1/1) D:4            Lair (6/6) D:11
  Swamp (4/4) Lair:4       Spider (4/4) Lair:2        Slime (5/5) Lair:6
    Orc (2/2) D:11            Elf (3/3) Orc:2        Vaults (5/5) D:14
  Crypt (3/3) Vaults:3       Tomb (0/3) Crypt:3      Depths (5/5) D:15
    Zot (0/5) Depths:5

Altars:
Ashenzari
Cheibriados
Dithmenos
Elyvilon
Fedhas
Gozag
Hepliaklqana
Kikubaaqudgha
Makhleb
Nemelex Xobeh
Okawaru
Pakellas
Qazlal
Ru
Sif Muna
Trog
Uskayaw
Vehumet
Xom
Yredelemnul
Zin
The Shining One
Beogh
Jiyva

Shops:
D:7 *(?   D:11 =   D:14 [   Orc:2 ([*=   Elf:3 [[*   Vaults:4 [   Depths:5 (

Portals:
Hell: Depths:1 Depths:2 Depths:3 Depths:4 Depths:5
Abyss: Depths:1 Depths:4
Pandemonium: Depths:1 Depths:3 Depths:4
Ziggurat: Depths:4


Innate Abilities, Weirdness & Mutations

You are resistant to torment.
Your stone body is resilient. (AC +20)
You are immune to poison.
Your large and strong wings let you fly indefinitely.
You resist negative energy. (rN+)
You are resistant to electric shocks. (rElec)
You can survive without breathing.
You are immune to petrification.
You are immune to rotting.
You are partially covered in rough black scales. (AC +4, Dex -1)
You are robust. (+10% HP)


Message History

The spark wasp stings your harpy skeleton!!
The spark wasp shocks your harpy skeleton!
Your harpy skeleton is destroyed!
Your small abomination hits the spark wasp but does no damage.
The raiju barks!
The spark wasp stings your small abomination!!
Your small abomination is destroyed!
The raiju bursts into living lightning!
The living lightning hits you! x2; You resist.
The living lightning hits the eye of devastation.
The raiju blinks!
Your fire elemental hits the spark wasp.
Your fire elemental burns the spark wasp!
The spark wasp completely misses your fire elemental.
The wretched star glows turbulently.
The orb of energy hits you!
* * * LOW HITPOINT WARNING * * *
The eye of devastation gazes at you. The bolt of energy hits you!
You die... ∙∙∙∙∙∙∙∙#∙∙∙∙∙∙∙∙ ∙∙∙∙∙

∙∙∙∙∙∙x∙#∙∙∙∙∙∙∙
▒∙∙∙∙∙∙▒∙∙∙∙▒##∙∙∙▒∙
▒▒∙∙∙ ∙∙▒∙∙h▒▒▒#∙∙▒▒
∙ ∙∙∙
∙∙∙∙∙∙∙∙∙▒∙E∙∙∙▒∙∙


∙∙∙∙∙∙∙∙∙∙∙?∙∙y∙∙∙∙∙∙∙∙ ∙∙∙∙∙ ∙∙∙∙∙∙∙∙∙#∙∙x∙∙∙∙ ∙∙∙∙∙∙∙∙∙*∙∙∙∙∙∙GhX∙∙∙∙ ∙∙∙
v∙∙>∙∙∙∙∙▒L∙∙∙∙▒∙∙∙ ∙∙∙∙∙ ∙∙∙∙∙∙▒▒▒∙∙?▒∙∙∙X ▒▒∙v∙∙∙?▒∙∙∙∙ ∙∙∙∙∙▒▒▒▒ ∙%∙∙∙∙▒∙∙∙∙∙
∙∙∙▒▒ ##∙∙∙∙∙∙∙∙∙∙∙∙∙∙▒▒▒ ∙∙∙∙∙∙∙∙∙vvv∙ ▒▒ ∙∙ ∙∙∙∙∙v ∙ ∙▒ ∙∙∙∙ ∙∙∙∙ ∙▒∙▒ You
could see a wretched star, a spark wasp, an eye of devastation, an ancient zyme,
a large abomination, 2 raiju and a friendly fire elemental.

Vanquished Creatures
  the Royal Jelly (Slime:5)
  Mennas (Depths:4)
  An ancient lich (Depths:3)
  3 juggernauts
  Frederick (Depths:4)
  Margery (Depths:4)
  3 caustic shrikes (Depths:3)
  3 golden dragons
  Nikola (Swamp:4)
  the Enchantress (Depths:5)
  Arachne (Spider:3)
  2 bone dragons
  A profane servitor (Crypt:3)
  A hellephant (Abyss:3)
  7 liches
  2 deep elf blademasters (Elf:3)
  8 tentacled monstrosities
  4 deep elf master archers (Elf:3)
  7 titans
  A quicksilver dragon (Vaults:4)
  20 acid blobs
  The ghost of Laan the Executioner, an adept MiFi of the Shining One (Depths:3)
  An eldritch tentacle (WizLab)
  2 Executioners (Abyss:3)
  9 tentacled starspawn
  6 sphinxes
  12 ancient champions
  8 tengu reavers
  12 shadow dragons
  5 storm dragons
  3 revenants
  17 azure jellies
  A storm dragon (shapeshifter) (Depths:3)
  22 fire giants
  The ghost of flinch the Convoker, an adept MfSu of Ashenzari (Spider:2)
  A greater naga (Vaults:4)
  5 ghost moths
  10 frost giants
  5 iron dragons
  18 deep elf sorcerers
  15 vault wardens
  7 emperor scorpions
  The ghost of AvylaarBelgium the Tortoise, a journeyman HOFi of Beogh (Spider:4)
  5 orc warlords
  A balrug (Depths:5)
  The ghost of Herrn the Severer, a journeyman NaWz of Okawaru (D:15)
  10 ironheart preservers
  A cacodemon (Abyss:3)
  Louise (Depths:1)
  2 curse skulls
  2 angels
  A draconian caller (Depths:5)
  10 ghouls
  6 spriggan defenders
  Aizul (Spider:3)
  5 entropy weavers
  6 deep elf elementalists
  17 stone giants
  A reaper (Depths:5)
  37 very ugly things
  2 war gargoyles (Vaults:5)
  5 deep elf demonologists
  6 vampire knights
  12 deep elf annihilators
  3 purple draconians
  A mottled draconian (Depths:5)
  A red draconian (Abyss:3)
  A lorocyproca (Abyss:3)
  2 yellow draconians
  9 spark wasps
  2 mummy priests (Crypt:3)
  19 ettins
  2 deep elf death magi
  3 eidola
  16 fire dragons
  9 death oozes
  A minotaur (Lab)
  16 yaktaur captains
  A quicksilver dragon zombie (Crypt:3)
  10 jiangshi
  39 vault guards
  12 great orbs of eyes
  The ghost of SorcV the Covert, a journeyman KoWr of Ashenzari (D:9)
  10 hydras
  A quicksilver dragon skeleton (Crypt:1)
  5 deep elf high priests
  A ghost crab (Swamp:3)
  3 rakshasas
  13 ice dragons
  7 spriggan air magi
  17 centaur warriors
  7 alligators
  7 death knights
  5 hell hogs (Abyss:3)
  A queen ant (Lair:6)
  7 orc high priests
  17 ogre magi
  A satyr (shapeshifter) (Depths:4)
  14 thrashing horrors
  32 dancing weapons
  6 deep troll shamans
  6 spriggan berserkers
  9 deep troll earth magi
  8 tengu warriors
  12 death yaks
  9 vampire magi
  A titan zombie (Abyss:1)
  An iron troll (Depths:3)
  Sonja (D:15)
  13 spriggans
  3 fire crabs
  3 soul eaters
  22 deep elf knights
  6 shadow wraiths
  5 wretched stars
  29 skeletal warriors
  3 unseen horrors
  A spark wasp zombie (Crypt:3)
  A salamander mystic (Depths:5)
  13 hell knights
  3 storm dragon skeletons
  A shadow demon (Abyss:3)
  4 giant orange brains
  A golden dragon zombie (Crypt:3)
  26 deep trolls
  8 wizards
  4 spriggan druids
  A death drake (WizLab)
  15 flayed ghosts
  A swamp dragon (Swamp:1)
  2 obsidian statues
  2 shambling mangroves
  23 deep elf archers
  16 ironbrand convokers
  A lindwurm (Lair:3)
  Pikel (D:5)
  3 anaconda skeletons
  9 hill giants
  42 starcursed masses
  18 phantasmal warriors
  6 necromancers
  20 orc knights
  A harpy (shapeshifter) (Vaults:5)
  19 orb spiders
  An iron dragon zombie (Crypt:2)
  10 hornets
  6 cyclopes
  6 harpies
  2 hornets (shapeshifter)
  A mana viper (WizLab)
  3 manticores
  A fire giant zombie (Crypt:1)
  91 deep elf magi
  9 orc sorcerers
  7 griffons
  9 shining eyes
  28 wolf spiders
  6 sixfirhies
  2 moths of wrath
  A black mamba (shapeshifter) (Elf:3)
  4 worldbinders
  64 ugly things
  A frost giant skeleton (Crypt:3)
  A manticore (shapeshifter) (Depths:4)
  3 salamanders (Depths:5)
  A stone giant skeleton (Crypt:1)
  An octopode (shapeshifter) (Depths:1)
  2 dire elephant zombies (Crypt:1)
  13 vault sentinels
  9 black mambas
  A sphinx skeleton (Crypt:1)
  3 apocalypse crabs
  2 guardian serpents
  2 rust devils
  33 elephants
  3 eyes of devastation
  8 smoke demons
  3 torpor snails
  2 orange demons
  A dire elephant skeleton (Crypt:1)
  2 hellions (Abyss:3)
  3 yaktaurs (shapeshifter)
  13 spiny frogs
  3 gargoyles (D:14)
  67 yaktaurs
  6 rime drakes
  8 komodo dragons
  4 guardian mummies (Crypt:3)
  A demonspawn skeleton (WizLab)
  An anaconda simulacrum (Abyss:3)
  2 efreet (Abyss:3)
  19 freezing wraiths
  A rime drake (shapeshifter) (Vaults:5)
  3 ice devils
  4 hellwings
  A minotaur zombie (Crypt:2)
  A purple draconian skeleton (Crypt:3)
  6 tengu conjurers
  11 ancient zymes
  22 demonic crawlers
  A catoblepas skeleton (Crypt:1)
  7 meliai
  2 hydra skeletons (Abyss:3)
  18 two-headed ogres
  2 giant leeches (Swamp:1)
  A harpy zombie (D:15)
  2 polar bears (shapeshifter)
  A troll (shapeshifter) (D:13)
  22 jumping spiders
  9 trolls
  4 red devils
  23 blink frogs
  A harpy skeleton (Crypt:1)
  Prince Ribbit (D:9)
  31 raiju
  A two-headed ogre (shapeshifter) (Vaults:5)
  5 bog bodies
  Grinder (D:5)
  3 ushabtiu (Crypt:3)
  115 slime creatures
  8 boulder beetles
  A polar bear (Lair:6)
  An ice dragon zombie (Crypt:2)
  A wind drake (shapeshifter) (Vaults:4)
  A slime creature (shapeshifter) (Depths:2)
  An ettin zombie (Abyss:3)
  A fire dragon zombie (Crypt:3)
  5 air elementals
  An ice dragon skeleton (Crypt:1)
  11 flying skulls
  6 shadows
  2 spriggans (shapeshifter)
  A satyr skeleton (Crypt:2)
  A tarantella (shapeshifter) (Elf:3)
  An ettin skeleton (Crypt:3)
  17 wraiths
  8 ynoxinuls
  76 redbacks
  A dire elephant simulacrum (Crypt:3)
  10 water elementals
  34 tarantellas
  9 wyverns
  48 yaks
  5 vampires
  3 fire bats (Abyss:1)
  5 basilisks
  A fire elemental (Elf:2)
  20 golden eyes
  9 chaos spawn
  3 human simulacra
  5 neqoxecs
  9 hippogriffs
  A human (D:7)
  5 hungry ghosts
  5 steam dragons (Lair:6)
  20 large abominations
  27 swamp worms
  7 spatial vortices (WizLab)
  A mottled dragon (D:13)
  33 vampire mosquitoes
  4 swamp worm simulacra (Swamp:4)
  Menkaure (D:7)
  12 insubstantial wisps
  A soldier ant (shapeshifter) (Vaults:5)
  14 wargs
  15 hydra simulacra (Swamp:4)
  18 water moccasins
  11 porcupines
  6 soldier ants
  5 hell hounds
  2 giant eyeballs
  8 swamp drakes
  A gnoll sergeant (D:5)
  12 sky beasts
  A spiny frog skeleton (Crypt:1)
  A black bear (D:8)
  78 orc warriors
  4 phantoms
  12 eyes of draining
  An ice beast (D:14)
  20 wasps
  An eye of draining (shapeshifter) (Depths:2)
  A black bear (shapeshifter) (Depths:4)
  2 necrophages
  13 wolves
  12 boggarts
  43 ogres
  An elephant skeleton (Crypt:3)
  25 centaurs
  A swamp dragon skeleton (Crypt:2)
  19 crocodiles
  A big kobold (shapeshifter) (Depths:4)
  23 small abominations
  3 big kobolds
  22 giant frogs
  4 earth elementals
  An elf skeleton (Crypt:3)
  A wyvern skeleton (D:7)
  A glowing shapeshifter simulacrum (Vaults:3)
  11 scorpions
  2 water moccasin skeletons (D:10)
  8 killer bees
  6 electric eels
  8 wights
  A hippogriff skeleton (Crypt:3)
  7 howler monkeys
  15 crimson imps
  2 giant frog zombies
  7 centaur zombies
  5 quasits
  32 orc priests
  A soldier ant zombie (Crypt:2)
  A demonspawn zombie (Crypt:3)
  2 giant frog skeletons
  15 hounds
  6 jellies
  46 orc wizards
  6 centaur skeletons
  2 iron imps (Abyss:3)
  Ijyb (D:3)
  11 iguanas
  16 worker ants
  A human skeleton (Crypt:3)
  A hell rat (shapeshifter) (Depths:2)
  A killer bee zombie (Crypt:2)
  19 sheep
  A hound skeleton (D:4)
  10 mummies (Crypt:3)
  A hell rat zombie (Crypt:1)
  12 gnolls
  A steam dragon zombie (Crypt:1)
  26 adders
  43 river rats
  6 shadow imps
  2 white imps
  2 ufetubi (Abyss:3)
  4 swamp drake simulacra (Swamp:4)
  An adder skeleton (D:6)
  A lava snake zombie (Crypt:1)
  2 worms
  A dart slug (D:2)
  6 giant geckos
  114 orcs
  6 bats
  4 giant cockroaches
  2 gnoll zombies (D:3)
  8 hobgoblins
  16 jackals
  7 quokkas
  4 ball pythons
  A giant newt (D:4)
  11 goblins
  A jackal skeleton (D:7)
  13 kobolds
  15 rats
  A bush (Lair:6)
  9 fungi
  4 lurking horrors
  12 plants
  5 starspawn tentacles
  3 starspawn tentacle segments (Abyss:3)
3200 creatures vanquished.

Vanquished Creatures (collateral kills)
  A caustic shrike (Depths:3)
  A lich (Depths:4)
  2 acid blobs
  2 tentacled starspawn
  3 ancient champions
  A revenant (Crypt:1)
  A fire giant (Depths:3)
  An iron dragon (Depths:4)
  3 vault wardens
  4 frost giants
  A ghoul (Crypt:3)
  2 ironheart preservers
  A reaper (Abyss:3)
  A vampire knight (Depths:3)
  3 very ugly things
  2 stone giants
  A deep elf death mage (Vaults:5)
  2 eidola (Crypt:3)
  2 fire dragons
  7 yaktaur captains
  6 vault guards
  A rakshasa (Abyss:1)
  2 death knights
  A deep troll shaman (Vaults:5)
  A wretched star (Abyss:3)
  4 skeletal warriors
  An ironbrand convoker (Vaults:2)
  2 large abominations (Abyss:3)
  2 deep elf magi
  A shadow dragon zombie (Crypt:1)
  3 orc knights
  A shining eye (Abyss:3)
  5 ugly things
  A griffon (Vaults:1)
  A grey draconian zombie (Crypt:3)
  A freezing wraith (D:15)
  3 yaktaurs
  A red draconian skeleton (Crypt:2)
  3 raiju
  7 slime creatures
  A ynoxinul (Abyss:3)
  A shadow (Abyss:1)
  An ettin skeleton (Crypt:3)
  A yak (shapeshifter) (Vaults:5)
  A hog (shapeshifter) (Vaults:2)
  A golden eye (Slime:5)
  2 chaos spawn
  4 small abominations (Abyss:3)
  5 orc warriors
  A necrophage (Crypt:1)
  3 ogres
  3 boggarts
  An eye of draining (Abyss:3)
  4 killer bees (Abyss:3)
  7 starcursed masses (Abyss:3)
  3 orc priests (Vaults:3)
  A quasit (Abyss:3)
  2 orc wizards (Vaults:2)
  2 mummies (Crypt:3)
  4 orcs
  A starspawn tentacle (Abyss:3)
137 creatures vanquished.

Vanquished Creatures (others)
  A fire giant (Depths:4)
  A very ugly thing (Depths:1)
  A starcursed mass (Abyss:3)
  A ghost crab (Swamp:4)
  A shadow demon (Abyss:3)
  A giant orange brain (Abyss:3)
  An ugly thing (Depths:1)
  A hornet (Swamp:4)
  A redback (Spider:4)
  A fire elemental (Elf:1)
  2 golden eyes (Abyss:3)
  2 slaves (D:5)
  A giant frog (D:5)
  A quokka (D:5)
  5647 eldritch tentacle segments (WizLab)
  1249 fire vortices
  46 fungi
  2 lurking horrors
  62 plants
  25 starspawn tentacles
  145 starspawn tentacle segments (Abyss:3)
7192 creatures vanquished.

Grand Total: 10529 creatures vanquished

Notes
Turn   | Place    | Note
-------+----------+-------------------------------------------
     0 | D:1      | Beldrama the Gargoyle Fire Elementalist began the quest for the Orb.
     0 | D:1      | Reached XP level 1. HP: 10/10 MP: 3/3
   197 | D:1      | Reached XP level 2. HP: 15/15 MP: 0/5
   402 | D:1      | Learned a level 2 spell: Throw Flame
   725 | D:2      | Reached XP level 3. HP: 19/19 MP: 2/6
   799 | D:2      | Learned a level 3 spell: Conjure Flame
   832 | D:2      | Reached skill level 4 in Fire Magic
  1085 | D:2      | Found a white marble altar of Elyvilon.
  1087 | D:2      | Found a shimmering altar of Xom.
  1182 | D:2      | Reached XP level 4. HP: 23/24 MP: 2/7
  1397 | D:2      | Found a bloodstained altar of Trog.
  1397 | D:2      | Found an oddly glowing altar of Pakellas.
  1398 | D:2      | Found a glowing silver altar of Zin.
  1609 | D:3      | Found an opulent altar of Gozag.
  1702 | D:3      | Noticed Ijyb
  1708 | D:3      | Killed Ijyb
  1708 | D:3      | Reached XP level 5. HP: 28/28 MP: 4/9
  1742 | D:3      | Found a basalt altar of Yredelemnul.
  1952 | D:3      | Found a faded altar of an unknown god.
  2008 | D:3      | Reached skill level 5 in Fire Magic
  2214 | D:3      | Reached XP level 6. HP: 32/32 MP: 4/10
  2220 | D:3      | Learned a level 4 spell: Sticky Flame
  2701 | D:4      | Reached skill level 6 in Fire Magic
  2718 | D:4      | Found a staircase to the Ecumenical Temple.
  2746 | D:4      | Reached XP level 7. HP: 32/36 MP: 2/12
  2760 | D:4      | Found a stormy altar of Qazlal.
  3145 | D:5      | Entered Level 5 of the Dungeon
  3145 | D:5      | Noticed Grinder
  3315 | D:5      | Found a sparkling altar of Nemelex Xobeh.
  3332 | D:5      | Noticed Pikel
  3360 | D:5      | Killed Pikel
  3360 | D:5      | Reached skill level 7 in Fire Magic
  3360 | D:5      | Reached XP level 8. HP: 39/41 MP: 9/15
  3412 | D:5      | Learned a level 5 spell: Fireball
  3448 | D:5      | Found a blossoming altar of Fedhas.
  3628 | D:5      | Killed Grinder
  3628 | D:5      | Reached skill level 5 in Spellcasting
  3750 | D:5      | Reached skill level 8 in Fire Magic
  4117 | D:6      | Found a glowing drain.
  4122 | Sewer    | Entered a sewer
  4248 | Sewer    | Reached skill level 5 in Conjurations
  4323 | Sewer    | Found a white marble altar of Elyvilon.
  4615 | D:7      | Found Eliklim's Magic Scroll Boutique.
  4623 | D:7      | Bought a scroll of teleportation for 33 gold pieces
  4623 | D:7      | Bought a scroll of fog for 22 gold pieces
  4631 | D:7      | Found Sel Muule's Food Boutique.
  4642 | D:7      | Reached XP level 9. HP: 45/45 MP: 15/17
  4755 | D:6      | Reached skill level 9 in Fire Magic
  4828 | Temple   | Entered the Ecumenical Temple
  5010 | Temple   | Became a worshipper of Vehumet
  5560 | D:6      | Found an iron altar of Okawaru.
  5787 | D:7      | Noticed Menkaure
  5791 | D:7      | Killed Menkaure
  6062 | D:7      | Found Yxamn's Assorted Antiques.
  6086 | D:7      | Reached skill level 10 in Fire Magic
  6140 | D:7      | Bought a scroll of teleportation for 87 gold pieces
  6161 | D:7      | Found Fuasotat's Weapon Shop.
  6384 | D:7      | Reached * piety under Vehumet
  6384 | D:7      | Offered knowledge of Freeze by Vehumet.
  6451 | D:7      | Found a shadowy altar of Dithmenos.
  6574 | D:7      | Found a shadowy altar of Dithmenos.
  6695 | D:8      | Reached XP level 10. HP: 38/50 MP: 11/20
  6856 | D:8      | Found a hazy altar of Hepliaklqana.
  7406 | D:9      | Noticed Prince Ribbit
  7411 | D:9      | Killed Prince Ribbit
  7647 | D:9      | Noticed SorcV's ghost (journeyman KoWr)
  7852 | D:9      | Reached skill level 11 in Fire Magic
  8380 | D:9      | Found a sacrificial altar of Ru.
  8486 | D:10     | Entered Level 10 of the Dungeon
  8487 | D:10     | Found a runed door.
  8571 | D:10     | Found a runed door.
  8684 | D:10     | Found a runed door.
  8695 | D:10     | Found a runed door.
  8844 | D:10     | Reached ** piety under Vehumet
  8844 | D:10     | Offered knowledge of Magic Dart by Vehumet.
  9251 | D:10     | Reached skill level 12 in Fire Magic
  9251 | D:10     | Reached XP level 11. HP: 49/54 MP: 2/23
  9456 | D:10     | Gained mutation: You are partially covered in large bone plates. (AC +2, SH +2) [potion of mutation]
  9456 | D:10     | Gained mutation: You have large cloven feet. [potion of mutation]
  9456 | D:10     | Gained mutation: Your body sometimes deteriorates upon taking damage. [potion of mutation]
  9457 | D:10     | Lost mutation: Your body sometimes deteriorates upon taking damage. [potion of cure mutation]
  9457 | D:10     | Lost mutation: You are partially covered in large bone plates. (AC +2, SH +2) [potion of cure mutation]
  9457 | D:10     | Lost mutation: You have large cloven feet. [potion of cure mutation]
 10155 | D:10     | Noticed an obsidian statue
 10187 | D:11     | Noticed a hill giant
 10528 | D:11     | Found Zucwuobe's Jewellery Shoppe.
 10616 | D:11     | Offered knowledge of Mephitic Cloud by Vehumet.
 10677 | D:11     | Reached *** piety under Vehumet
 10702 | D:11     | Found a staircase to the Orcish Mines.
 11304 | D:11     | Found a staircase to the Lair.
 11468 | D:11     | Offered knowledge of Force Lance by Vehumet.
 11818 | D:11     | Got a pitted crystal amulet
 11839 | D:11     | Identified the amulet of Nadalebb {Spirit rPois rF+ rC+ Slay+2} (You took it off a goblin on level 11 of the Dungeon)
 12041 | D:11     | Reached skill level 13 in Fire Magic
 12210 | D:11     | Killed a hill giant
 12293 | D:11     | Noticed a hill giant
 12390 | D:10     | Reached **** piety under Vehumet
 12440 | D:10     | Reached XP level 12. HP: 47/59 MP: 4/25
 12607 | D:11     | Offered knowledge of Iskenderun's Battlesphere by Vehumet.
 12667 | D:11     | Learned a level 5 spell: Iskenderun's Battlesphere
 12708 | D:11     | Reached skill level 10 in Conjurations
 12739 | D:11     | Noticed an ogre mage
 12752 | D:11     | Killed an ogre mage
 12785 | D:11     | Identified a +4 rod of ignition (10/10) (You took it off a crimson imp on level 11 of the Dungeon)
 13350 | D:11     | Reached skill level 10 in Spellcasting
 13350 | D:11     | Reached skill level 14 in Fire Magic
 13440 | Lair:1   | Entered Level 1 of the Lair of Beasts
 13534 | Lair:1   | Found a glowing silver altar of Zin.
 14252 | Lair:2   | Reached ***** piety under Vehumet
 14386 | Lair:2   | Offered knowledge of Delayed Fireball by Vehumet.
 14395 | Lair:2   | Learned a level 7 spell: Delayed Fireball
 14524 | Lair:2   | Identified a +3 rod of clouds (14/14) (You found it on level 2 of the Lair of Beasts)
 14564 | Lair:2   | Found a hole to the Spider Nest.
 15787 | Lair:3   | Reached XP level 13. HP: 62/63 MP: 1/27
 16821 | Lair:4   | Found a staircase to the Swamp.
 16850 | Lair:4   | Reached skill level 15 in Fire Magic
 19576 | Lair:5   | Offered knowledge of Venom Bolt by Vehumet.
 19608 | Lair:5   | Gained mutation: Your large and strong wings let you fly indefinitely. [Gargoyle growth]
 19608 | Lair:5   | Reached XP level 14. HP: 53/68 MP: 18/29
 19884 | Lair:6   | Entered Level 6 of the Lair of Beasts
 19888 | Lair:6   | Found a viscous altar of Jiyva.
 19889 | Lair:6   | Found a staircase to the Slime Pits.
 19903 | Lair:6   | Reached skill level 16 in Fire Magic
 19920 | Lair:6   | Found a labyrinth entrance.
 19942 | Lab      | Entered a labyrinth
 20091 | Lab      | Upgraded the game from 0.19-a0-829-g23a5e41 to 0.19-a0-835-gf140595
 20534 | Lab      | Identified the Grimoire of Aid and Changing (You found it in a labyrinth)
 21364 | Lair:6   | Learned a level 5 spell: Venom Bolt
 21412 | Lair:6   | Learned a level 4 spell: Animate Dead
 21653 | Lair:6   | Noticed an entropy weaver
 21803 | Lair:6   | Killed an entropy weaver
 21803 | Lair:6   | Reached skill level 1 in Necromancy
 22409 | Lair:6   | Noticed an entropy weaver
 22414 | Lair:6   | Killed an entropy weaver
 22950 | Lair:6   | Reached skill level 17 in Fire Magic
 23027 | Lair:6   | Offered knowledge of Ozocubu's Refrigeration by Vehumet.
 23050 | Lair:6   | Reached XP level 15. HP: 60/72 MP: 19/31
 24676 | Orc:1    | Entered Level 1 of the Orcish Mines
 24824 | Orc:2    | Entered Level 2 of the Orcish Mines
 24895 | Orc:2    | Noticed an orc warlord
 25486 | Orc:2    | Reached ****** piety under Vehumet
 25486 | Orc:2    | Offered knowledge of Iron Shot by Vehumet.
 25891 | Orc:2    | Killed an orc warlord
 26032 | Orc:2    | Learned a level 6 spell: Iron Shot
 26069 | Orc:2    | Found a staircase to the Elven Halls.
 26089 | Orc:2    | Found Yku Xuto's Antique Weapon Shoppe.
 26568 | Orc:2    | Noticed an orc warlord
 26868 | Orc:1    | Offered knowledge of Poison Arrow by Vehumet.
 28020 | Orc:2    | Killed an orc warlord
 28444 | Orc:2    | Noticed an orc warlord
 28451 | Orc:2    | Killed an orc warlord
 28451 | Orc:2    | Reached skill level 18 in Fire Magic
 28583 | Orc:2    | Found Ufrogul's General Store.
 28583 | Orc:2    | Found Hypsaunt's Jewellery Boutique.
 28585 | Orc:2    | Found Odaxtiph's Antique Armour Boutique.
 28585 | Orc:2    | Found Xivodej's Antique Weapon Shop.
 28590 | Orc:2    | Bought a scroll of recharging for 161 gold pieces
 28590 | Orc:2    | Bought a potion of magic for 136 gold pieces
 28941 | D:9      | Killed SorcV's ghost
 30328 | D:12     | Reached XP level 16. HP: 72/76 MP: 26/33
 30355 | D:12     | Offered knowledge of Bolt of Cold by Vehumet.
 32781 | D:14     | Identified a scroll of acquirement
 32872 | D:14     | Found Hycryol's Antique Armour Shoppe.
 32895 | D:14     | Found a blossoming altar of Fedhas.
 33662 | D:14     | Found a gate to the Vaults.
 33788 | D:14     | Reached skill level 5 in Necromancy
 34279 | D:15     | Entered Level 15 of the Dungeon
 34345 | D:15     | Paralysed by an orc sorcerer for 6 turns
 34347 | D:15     | Noticed Sonja
 34652 | D:15     | Offered knowledge of Spellforged Servitor by Vehumet.
 34887 | D:15     | Reached skill level 15 in Conjurations
 34927 | D:15     | Noticed Herrn's ghost (journeyman NaWz)
 35043 | D:15     | Killed Sonja
 36453 | D:15     | Found a staircase to the Depths.
 36849 | D:15     | Reached skill level 19 in Fire Magic
 37423 | D:15     | Killed Herrn's ghost
 37546 | D:13     | Paralysed by a giant eyeball for 4 turns
 37685 | D:7      | Bought a bread ration for 50 gold pieces
 37685 | D:7      | Bought a beef jerky for 15 gold pieces
 37685 | D:7      | Bought a fruit for 15 gold pieces
 37685 | D:7      | Bought a slice of pizza for 15 gold pieces
 37685 | D:7      | Bought a meat ration for 50 gold pieces
 37685 | D:7      | Bought a beef jerky for 15 gold pieces
 37685 | D:7      | Bought a slice of pizza for 15 gold pieces
 37685 | D:7      | Bought a meat ration for 50 gold pieces
 37685 | D:7      | Bought a royal jelly for 20 gold pieces
 37685 | D:7      | Bought a fruit for 15 gold pieces
 37685 | D:7      | Bought a meat ration for 50 gold pieces
 37894 | Swamp:1  | Entered Level 1 of the Swamp
 38794 | Swamp:1  | Reached XP level 17. HP: 80/80 MP: 27/35
 38803 | Swamp:1  | Learned a level 7 spell: Spellforged Servitor
 39597 | Swamp:2  | Offered knowledge of Fire Storm by Vehumet.
 39597 | Swamp:2  | Offered knowledge of Shatter by Vehumet.
 39597 | Swamp:2  | Offered knowledge of Tornado by Vehumet.
 40157 | Swamp:3  | Reached skill level 1 in Shields
 40445 | Swamp:3  | Found a snail-covered altar of Cheibriados.
 40964 | Swamp:4  | Entered Level 4 of the Swamp
 41033 | Swamp:4  | Noticed Nikola
 41351 | Swamp:4  | Killed Nikola
 43253 | Swamp:4  | Got a decaying rune of Zot
 43613 | Elf:1    | Entered Level 1 of the Elven Halls
 43892 | Elf:1    | Upgraded the game from 0.19-a0-835-gf140595 to 0.19-a0-856-g54f7fbd
 45012 | Elf:1    | Reached skill level 20 in Fire Magic
 45337 | Elf:1    | Reached XP level 18. HP: 71/85 MP: 28/36
 46508 | Elf:2    | Reached skill level 15 in Spellcasting
 47516 | Elf:2    | Found a huge runed gate.
 47516 | Elf:2    | Found a huge runed gate.
 47517 | Elf:2    | Found a huge runed gate.
 49205 | Spider:1 | Entered Level 1 of the Spider Nest
 50511 | Spider:1 | Got a fabulously ornate robe
 50524 | Spider:1 | Identified the +0 robe "Curchyima" {+Blink rN+ Regen+} (You found it on level 1 of the Spider Nest)
 51120 | Spider:2 | Reached XP level 19. HP: 89/89 MP: 16/38
 51647 | Spider:2 | Noticed flinch's ghost (adept MfSu)
 52091 | Spider:2 | Got a steaming robe
 52109 | Spider:2 | Identified the cursed +1 robe "Dirghuola" {+Inv rElec rCorr Str-4} (You found it on level 2 of the Spider Nest)
 52193 | Spider:2 | Noticed a tentacled monstrosity
 52301 | Spider:2 | Noticed a tentacled monstrosity
 52302 | Spider:2 | Killed flinch's ghost
 53438 | Spider:3 | Noticed Aizul
 54063 | Orc:2    | Bought 4 fruits for 102 gold pieces
 54312 | Vaults:1 | Entered Level 1 of the Vaults
 54641 | Spider:3 | Killed Aizul
 54641 | Spider:3 | Reached skill level 21 in Fire Magic
 55310 | Spider:3 | Noticed Arachne
 56388 | Spider:3 | Killed Arachne
 56880 | Spider:4 | Entered Level 4 of the Spider Nest
 56925 | Spider:4 | Learned a level 2 spell: Blink
 57077 | Spider:4 | Got a bloodstained cloak
 57122 | Spider:4 | Identified the +0 cloak of Ryozudgh {Str+8 Slay-4} (You found it on level 4 of the Spider Nest)
 57163 | Spider:4 | Noticed AvylaarBelgium's ghost (journeyman HOFi)
 57490 | Spider:4 | Killed AvylaarBelgium's ghost
 59780 | Spider:4 | Got a gossamer rune of Zot
 60079 | Elf:3    | Entered Level 3 of the Elven Halls
 60098 | Elf:3    | Found an ancient bone altar of Kikubaaqudgha.
 60104 | Elf:3    | Found Hamirgh's Armour Emporium.
 60214 | Elf:3    | Reached XP level 20. HP: 94/94 MP: 40/40
 60292 | Elf:3    | Found Kamar's General Store.
 60300 | Elf:3    | Bought a potion of beneficial mutation for 525 gold pieces
 60300 | Elf:3    | Bought a scroll of teleportation for 45 gold pieces
 60300 | Elf:3    | Gained mutation: You are partially covered in rough black scales. (AC +4, Dex -1) [potion of beneficial mutation]
 60390 | Elf:3    | Found Mevaytz's Food Boutique.
 60398 | Elf:3    | Bought a bread ration for 65 gold pieces
 60398 | Elf:3    | Bought a meat ration for 65 gold pieces
 60398 | Elf:3    | Bought a slice of pizza for 19 gold pieces
 60398 | Elf:3    | Bought a royal jelly for 26 gold pieces
 60398 | Elf:3    | Bought a meat ration for 65 gold pieces
 60398 | Elf:3    | Bought a beef jerky for 19 gold pieces
 60398 | Elf:3    | Bought a slice of pizza for 19 gold pieces
 60398 | Elf:3    | Bought a slice of pizza for 19 gold pieces
 60398 | Elf:3    | Bought a slice of pizza for 19 gold pieces
 60398 | Elf:3    | Bought a bread ration for 65 gold pieces
 60398 | Elf:3    | Bought a bread ration for 65 gold pieces
 60749 | Elf:3    | Found Qijaung's Armour Shop.
 61758 | Elf:3    | Reached skill level 22 in Fire Magic
 62506 | Elf:3    | Upgraded the game from 0.19-a0-856-g54f7fbd to 0.19-a0-866-ga8d832c
 62523 | Elf:3    | Got a brightly glowing granite ring
 62526 | Elf:3    | Identified the ring of Ascent {Fire rN+ MR+} (You took it off a deep elf archer on level 3 of the Elven Halls)
 62556 | Elf:3    | Got a scorched buckler
 62567 | Elf:3    | Identified the +3 buckler of Absolutism {MR+ Dex-3 Stlth+} (You took it off a deep elf annihilator on level 3 of the Elven Halls)
 62599 | Elf:3    | Identified Sif Muna's Grimoire of Changing and the Rocks
 62851 | Elf:3    | Got a scintillating jade ring
 62854 | Elf:3    | Identified the ring of Dishonour {rC+ MR+ MP+9 SInv Stlth+} (You took it off a deep elf sorcerer on level 3 of the Elven Halls)
 62974 | Elf:3    | Found Roar's General Store.
 62982 | Elf:3    | Bought a potion of curing for 57 gold pieces
 62982 | Elf:3    | Bought a scroll of teleportation for 57 gold pieces
 62982 | Elf:3    | Bought a bread ration for 95 gold pieces
 62982 | Elf:3    | Bought a potion of heal wounds for 95 gold pieces
 64529 | Vaults:1 | Reached XP level 21. HP: 87/98 MP: 42/42
 65264 | Spider:4 | Learned a level 9 spell: Fire Storm
 67204 | Vaults:2 | Reached skill level 23 in Fire Magic
 69044 | Vaults:3 | Reached XP level 22. HP: 103/103 MP: 10/44
 69321 | Vaults:3 | Found a roughly hewn altar of Beogh.
 70371 | Vaults:3 | Found a staircase to the Crypt.
 70494 | Vaults:4 | Found Xadics's Antique Armour Emporium.
 71035 | Vaults:4 | Reached skill level 24 in Fire Magic
 71654 | Vaults:4 | Got a steaming lead ring
 71658 | Vaults:4 | Identified the ring "Pegopoll" {rC+ Dex+3 SInv} (You found it on level 4 of the Vaults)
 71847 | Vaults:4 | Got a scorched swamp dragon armour
 71858 | Vaults:4 | Identified the cursed +1 swamp dragon armour "Ikiedex" {rPois Str+3 Slay+3 SInv} (You found it on level 4 of the Vaults)
 72305 | Depths:1 | Entered Level 1 of the Depths
 72316 | Depths:1 | Found a one-way gate leading to the halls of Pandemonium.
 72321 | Depths:1 | Reached XP level 23. HP: 107/107 MP: 46/46
 72513 | Orc:2    | Learned a level 1 spell: Beastly Appendage
 72743 | Depths:1 | Reached skill level 1 in Transmutations
 72756 | Depths:1 | Noticed Louise
 72760 | Depths:1 | Killed Louise
 73842 | Depths:1 | Identified the Handbook of Burning Battle Magic
 73865 | Depths:1 | Found a gateway to Hell.
 73972 | Depths:1 | Found a one-way gate to the infinite horrors of the Abyss.
 74052 | Depths:1 | Found a gateway to a bazaar.
 75428 | Depths:2 | Noticed a juggernaut
 75428 | Depths:2 | Killed a juggernaut
 75428 | Depths:2 | Reached skill level 10 in Necromancy
 75596 | Depths:3 | Noticed Laan's ghost (adept MiFi)
 75604 | Depths:3 | Killed Laan's ghost
 76230 | Depths:3 | Found an oddly glowing altar of Pakellas.
 76231 | Depths:3 | Found a burning altar of Makhleb.
 76231 | Depths:3 | Found an iron altar of Okawaru.
 76290 | Depths:3 | Noticed a caustic shrike
 76291 | Depths:3 | Noticed a caustic shrike
 76291 | Depths:3 | Killed a caustic shrike
 76291 | Depths:3 | Reached XP level 24. HP: 110/112 MP: 29/47
 76291 | Depths:3 | Killed a caustic shrike
 76292 | Depths:3 | Noticed a caustic shrike
 76294 | Depths:3 | Noticed a caustic shrike
 76295 | Depths:3 | Killed a caustic shrike
 76299 | Depths:3 | Killed a caustic shrike
 76956 | Depths:3 | Reached skill level 5 in Transmutations
 78900 | Depths:3 | Got a bloodstained shield
 78911 | Depths:3 | Identified the +2 shield "Teatanaw" {Dex+3} (You found it on level 3 of the Depths)
 78988 | Depths:3 | Noticed an ancient lich
 78989 | Depths:3 | Killed an ancient lich
 79113 | Depths:4 | Noticed a juggernaut
 79357 | Depths:4 | Found a gateway to a ziggurat.
 79405 | Depths:4 | Noticed Margery
 79715 | Depths:3 | Reached XP level 25. HP: 116/116 MP: 44/48
 79914 | Depths:4 | Noticed Frederick
 79918 | Depths:4 | Killed Frederick
 80356 | Depths:4 | Reached skill level 10 in Transmutations
 80375 | Depths:4 | Killed Margery
 80576 | Depths:4 | Noticed Mennas
 80679 | Depths:4 | Killed Mennas
 80906 | Depths:3 | Learned a level 8 spell: Necromutation
 81584 | Depths:4 | Killed a juggernaut
 82054 | Depths:5 | Entered Level 5 of the Depths
 82094 | Depths:5 | Found a gate to the Realm of Zot.
 82106 | Depths:5 | Noticed the Enchantress
 82113 | Depths:5 | Killed the Enchantress
 82160 | Depths:5 | Found a magical portal.
 82169 | WizLab   | Entered The Roulette of Golubria
 82299 | WizLab   | Found a corrupted altar of Lugonu.
 82678 | WizLab   | Identified Savaehea's Volume of Displacement
 82861 | WizLab   | Found a corrupted altar of Lugonu.
 83584 | WizLab   | Got a dazzling cloak
 83596 | WizLab   | Identified the +1 cloak of Boill {Int+5} (You found it in a wizard's laboratory)
 83601 | WizLab   | Got a scorched cloak
 83612 | WizLab   | Identified the cursed +0 cloak of Ygaggoel {rPois Dex+4} (You found it in a wizard's laboratory)
 83682 | WizLab   | Reached XP level 26. HP: 120/120 MP: 47/48
 83694 | WizLab   | Identified Sif Muna's Disquisition on Orientation
 84546 | Depths:5 | Found Ellara's Antique Weapon Shoppe.
 84796 | Depths:5 | Found a glowing golden altar of the Shining One.
 84991 | Depths:5 | Reached skill level 15 in Necromancy
 85462 | Depths:3 | Noticed a juggernaut
 85466 | Depths:3 | Killed a juggernaut
 86558 | Vaults:5 | Entered Level 5 of the Vaults
 86829 | Vaults:5 | Reached XP level 27. HP: 121/124 MP: 17/48
 87023 | Vaults:5 | Reached skill level 1 in Evocations
 88841 | Vaults:5 | Got a silver rune of Zot
 89685 | Slime:1  | Entered Level 1 of the Pits of Slime
 90705 | Slime:2  | Reached skill level 5 in Evocations
 92419 | Slime:5  | Entered Level 5 of the Pits of Slime
 92890 | Slime:5  | Noticed the Royal Jelly
 93125 | Slime:5  | Killed the Royal Jelly
 93125 | Slime:5  | Reached skill level 10 in Evocations
 93815 | Slime:5  | Identified the Almanac of Gravity
 93827 | Slime:5  | Got a warped jade ring
 93829 | Slime:5  | Identified the ring of Notyppur {rCorr *Confuse rN+++ Str+9 Int-3} (You found it on level 5 of the Pits of Slime)
 93836 | Slime:5  | Got a slimy rune of Zot
 93874 | Slime:5  | Got a scorched brass amulet
 93876 | Slime:5  | Identified the amulet of the Exiled Gods {Reflect +Inv rF++ Int+2 SH+5 SInv} (You found it on level 5 of the Pits of Slime)
 94305 | Bazaar   | Entered a bazaar
 94305 | Bazaar   | Found Hempeuh's Armour Boutique.
 94305 | Bazaar   | Found Ciwetorgh's Antique Armour Shop.
 94305 | Bazaar   | Found Judoekihe's General Store.
 94314 | Bazaar   | Bought a beef jerky for 16 gold pieces
 94314 | Bazaar   | Bought a scroll of blinking for 82 gold pieces
 94314 | Bazaar   | Bought a scroll of teleportation for 33 gold pieces
 94314 | Bazaar   | Bought a potion of brilliance for 44 gold pieces
 94322 | Bazaar   | Bought a glowing hat for 144 gold pieces
 94542 | Crypt:1  | Entered Level 1 of the Crypt
 95139 | Crypt:1  | Gained mutation: You are robust. (+10% HP) [potion of beneficial mutation]
 95688 | Crypt:2  | Got an ichor-stained buckler
 95699 | Crypt:2  | Identified the +1 buckler of the Sun {Int-3 Dex+6} (You found it on level 2 of the Crypt)
 97004 | Crypt:3  | Entered Level 3 of the Crypt
 98046 | Crypt:3  | Reached skill level 15 in Evocations
 98139 | Crypt:3  | Got a scintillating ivory ring
 98433 | Crypt:3  | Identified the ring of Qac Yper {rF+++ rN+ MR++ Str-2 Stlth-} (You took it off an ancient champion on level 3 of the Crypt)
 98620 | Crypt:3  | Found a staircase to the Tomb.
 98857 | Crypt:3  | Got a fine glass ring
 98859 | Crypt:3  | Identified the ring of Laq Tur {rF+ rN+ MP-9 Str+5 Slay+5} (You took it off an ancient champion on level 3 of the Crypt)
 99111 | Crypt:3  | Found an ancient bone altar of Kikubaaqudgha.
 99117 | Crypt:3  | Found a basalt altar of Yredelemnul.
 99187 | Crypt:3  | Got a slimy quarterstaff
 99537 | Depths:1 | Voluntarily entered the Abyss.
100191 | Abyss:2  | Found a corrupted altar of Lugonu.
100192 | Abyss:2  | Upgraded the game from 0.19-a0-866-ga8d832c to 0.19-a0-879-gdac7d08
100213 | Abyss:3  | Upgraded the game from 0.19-a0-879-gdac7d08 to 0.19-a0-939-g86877d0
100890 | Abyss:3  | Upgraded the game from 0.19-a0-939-g86877d0 to 0.19-a0-944-gb338e1e
101154 | Abyss:3  | Identified Huoplo's Disquisition on Lightness and Self-Improvement
101157 | Abyss:3  | Identified Zoperr's Compendium of Captivating Poison
101507 | Abyss:3  | Blown up by an eye of devastation

Vault maps used:
D:1:      onia_arrival_pyramid, minmay_pentomino_x2
D:2:      nicolae_overflow_hidden_temple
D:3:      lemuel_zombie_altar_yredelemnul, nicolae_gozag_seed_capital,
          ecumenical_altar_1, hangedman_decor_clover_reticule,
          grunt_decor_resistance, kennysheep_generic_room_7, uniq_iyjb
D:4:      lemuel_crystal_altar, first_bread, serial_glass, glass_columns_a,
          glass_columns_a
D:5:      old_standard_altar, nemelex_lonely_heart_becter, uniq_pikel,
          uniq_grinder
D:6:      okawaru_metal_pillars_1_2, lightli_sewer_entry_pipes,
          minmay_misc_feat_more_columns, minmay_misc_feat_pillars
D:7:      grunt_dithmenos_smoke, serial_shops,
          nicolae_shop_temple_entry_statues_fountains, shop_fountains, shop,
          shop, kennysheep_flooded_box, grunt_livestock,
          minmay_misc_feat_plants, uniq_menkaure
D:8:      marbit_many_paths
D:9:      nicolae_ru_awakened_eye, uniq_prince_ribbit1
D:10:     minmay_statue_crystal_thing
D:11:     minmay_lair_entry_grove, erik_orc_3, serial_shops, shop,
          dk_vineyard_3, minmay_pinched_square
D:13:     onia_ninara_cookie
D:14:     david_vaults_5, serial_shops, nicolae_shop_overgrown_old_shop,
          fedhas_altar_3
D:15:     hangedman_depths_entry_civil_slaughter, glass_columns_a, uniq_sonja
Temple:   grunt_temple_mini_profane
Lair:1:   basic_altar, grunt_megastairs_2
Lair:2:   spider_nest_entry_web_field
Lair:3:   beast_lair_carwin_large_3, grunt_megastairs_1, serial_bayou_shore_b
Lair:4:   minmay_swamp_entry_swarm, small_statue_intersection
Lair:5:   infiniplex_staircase_pool_2, lemuel_fruit_fields
Lair:6:   hangedman_lair_tendril_chambers, guppyfry_lair_end_dragon,
          slime_altar_1, lab_entry_generic, portal_ice_cave_entry_pillars_1,
          wad_woods_antlair
Swamp:1:  hangedman_swamp_cone
Swamp:2:  hangedman_swamp_blocks
Swamp:3:  nicolae_swamp_godswood
Swamp:4:  swamp_icy, uniq_nikola
Spider:3: spider_trap, nicolae_spider_webbed_stairs, uniq_aizul, uniq_arachne
Spider:4: grunt_spider_rune_circles
Slime:2:  nicolae_slime_welcoming_committee
Slime:3:  cheibrodos_slime_lost_civilization_4
Slime:4:  cheibrodos_slime_lost_civilization_7
Orc:2:    st_orc_congregation, serial_shops, shop, guppyfry_library_mini
Elf:1:    eino_elf_arrival_shootout, evilmike_minifort, fountainhead
Elf:2:    stair_cage_wide
Elf:3:    minmay_elf_hall_furrowed, serial_shops, nicolae_shop_behind_doors,
          shop, shop, shop, shop, basic_altar
Vaults:1: v_misc_28, hangedman_vaults_restitches, v_misc_10, v_alt_pattern_5,
          v_alt_pattern_3, ontoclasm_vaults_pinch,
          hangedman_vaults_corner_blocks, vaults_room_guarded_vault,
          nicolae_vaults_little_squares_2, vaults_room_pool
Vaults:2: vaults_dpeg_ring, v_misc_15, hangedman_vaults_stream, v_misc_13,
          vaults_room_corners, nicolae_vaults_alarming, grunt_vaults_funnel,
          nicolae_vaults_three_branches, ontoclasm_vaults_shuriken
Vaults:3: v_misc_14, special_room_vaults, nicolae_vaults_border_crossing,
          v_alt_pattern_3, minmay_crypt_entry_simple_walls,
          vaults_standard_mumra_enter_the_diamond, hangedman_vaults_restitches,
          nicolae_vaults_network_square, nicolae_vaults_ring_of_whatevers,
          vaults_room_semicircle, v_misc_25, vaults_standard_mumra_x, v_misc_25,
          vaults_room_stairs_pillars
Vaults:4: st_greater_box_3, nicolae_vaults_windows_and_doors_thing,
          vaults_room_semicircle, v_misc_27, v_misc_5,
          nicolae_vaults_little_squares_6, vaults_room_fours,
          nicolae_vaults_yaktaur_gun_rack, nicolae_vaults_mini_display_case,
          vaults_room_hallway, grunt_vaults_hallway_short, serial_shops, shop
Crypt:2:  minivault_23
Crypt:3:  lightli_unholy_cathedral, nicolae_tomb_entry_unfolded_pyramid_diagonal
Depths:1: nicolae_abyss_entry_one_way_or_another, pan_entry, hell_entry,
          serial_shops, bzr_firewalk, nooodl_orcs_dogs
Depths:2: minmay_sliced_demisemicircle, grunt_hell_entry_dis_mu,
          kennysheep_minor_cross, kennysheep_random_hallway
Depths:3: hangedman_slaughterboxes, hell_entry, pan_entry
Depths:4: minmay_crescents, enter_ziggurat_b, pf_hell_entry_great_geh,
          pan_entry, infiniplex_staircase_star, abyss_entry,
          due_unseen_surprise, serial_bayou_shore_b, uniq_mennas,
          uniq_frederick, uniq_margery
Depths:5: evilmike_zot_entry_basic, serial_shops, shop, mu_enter_wizlab_5,
          tso_altar, hellmouth_3, minmay_misc_feat_four_crosses,
          uniq_enchantress
Abyss:3:  hangedman_abyss_rune_macabre_mess, hangedman_abyss_stitches_cave
Lab:      labyrinth_hidden_loot, nicolae_lab_blocks, nicolae_lab_stuck,
          nicolae_lab_swirl, labyrinth_skeletal_remains, lab_block,
          nicolae_lab_x, labyrinth_glass_1
Bazaar:   bazaar_minmay_generic_box
Sewer:    sewer_kobolds
WizLab:   wizlab_golubria

Skill      XL: |  1  2  3  4  5  6  7  8  9 10 11 12 13 14 15 16 17 18 19 20 21 22 23 24 25 26 27 |
---------------+----------------------------------------------------------------------------------+-----
Fire Magic     | 4 5 6 7 8 10 12 13 14 15 17 18 19 20 21 22 23 24 | 24.2
Conjurations   | 2 3 4 5 6 8 9 11 12 13 14 15 16 18 19 20 | 20.4
Spellcasting   | 3 4 5 7 8 9 10 11 12 13 14 15 16 17 18 19 20 21 22 | 22.6
Necromancy     | 2 4 5 7 8 9 10 12 14 16 | 16.8
Shields        | 4 |  4.0
Transmutations | 3 8 11 13 14 | 14.1
Evocations     | 17 | 17.6
Dodging        | 3 |  3.3
Stealth        | |  2.1

Action                   |  1- 3 |  4- 6 |  7- 9 | 10-12 | 13-15 | 16-18 | 19-21 | 22-24 | 25-27 || total
-------------------------+-------+-------+-------+-------+-------+-------+-------+-------+-------++-------
Melee: Unarmed           |    39 |       |       |       |       |       |       |       |       ||    39
       Dagger            |       |    19 |    47 |   254 |    36 |       |       |       |       ||   356
       Staff             |       |       |       |       |    72 |    82 |   111 |    13 |    27 ||   305
 Cast: Flame Tongue      |    70 |   119 |   173 |   365 |   480 |    68 |     7 |       |       ||  1282
       Sticky Flame      |       |     1 |    17 |   110 |   167 |    61 |    73 |     7 |    11 ||   447
       Fireball          |       |       |     8 |    50 |   291 |   692 |   523 |    41 |     2 ||  1607
       Throw Flame       |       |       |    12 |     2 |    11 |     1 |       |       |       ||    26
       Conjure Flame     |       |       |       |    11 |    13 |     2 |     1 |       |       ||    27
       Iskenderun's Batt |       |       |       |     3 |    14 |     2 |     2 |       |       ||    21
       Delayed Fireball  |       |       |       |     2 |    44 |    59 |    56 |    14 |    16 ||   191
       Venom Bolt        |       |       |       |       |    15 |    14 |    17 |       |       ||    46
       Animate Dead      |       |       |       |       |     6 |     2 |       |       |       ||     8
       Iron Shot         |       |       |       |       |     1 |   132 |    79 |    70 |     1 ||   283
       Spellforged Servi |       |       |       |       |       |       |     3 |     1 |       ||     4
       Fire Storm        |       |       |       |       |       |       |    69 |   309 |   853 ||  1231
       Blink             |       |       |       |       |       |       |     1 |    12 |     3 ||    16
       Necromutation     |       |       |       |       |       |       |       |       |   170 ||   170
 Abil: Release Delayed F |       |       |       |     1 |    45 |    59 |    55 |    14 |    15 ||   189
       Fly               |       |       |       |       |     2 |       |       |       |       ||     2
       Stop Flying       |       |       |       |       |     1 |       |       |       |       ||     1
       End Transformatio |       |       |       |       |       |       |       |       |     1 ||     1
Evoke: Wand              |       |       |       |     5 |    27 |    19 |     7 |       |    12 ||    70
       Rod               |       |       |       |     2 |       |       |       |       |       ||     2
       Staff of energy   |       |       |       |       |       |       |       |       |   750 ||   750
       Staff of Wucad Mu |       |       |       |       |       |       |       |       |    33 ||    33
       Crystal ball of e |       |       |       |       |       |       |       |       |     1 ||     1
  Use: Scroll            |     5 |     5 |     8 |     6 |    12 |    22 |     6 |    10 |    23 ||    97
       Potion            |     4 |     4 |     4 |     9 |     4 |     8 |     7 |     3 |     7 ||    50
 Stab: Sleeping          |       |       |       |     1 |       |       |       |       |       ||     1
       Distracted        |       |       |       |       |       |     1 |       |       |       ||     1
  Eat: Chunk             |     1 |     4 |     9 |    34 |    44 |    44 |   158 |   202 |    28 ||   524
       Pizza             |       |     1 |       |       |     9 |     5 |     4 |     1 |     2 ||    22
       Beef jerky        |       |       |     2 |     3 |     2 |     3 |     2 |     1 |     2 ||    15
       Meat ration       |       |       |     1 |     1 |     5 |     9 |     4 |     3 |     7 ||    30
       Fruit             |       |       |     1 |     6 |     5 |    21 |    17 |     7 |       ||    57
       Royal jelly       |       |       |     1 |     2 |     2 |     3 |     2 |     1 |     2 ||    13
       Bread ration      |       |       |       |       |     5 |    17 |     6 |    13 |     8 ||    49
Armor: Robe              |    32 |    13 |    53 |   226 |   289 |   303 |   315 |    61 |   130 ||  1422
Dodge: Dodged            |    50 |    56 |    96 |   301 |   384 |   224 |   298 |    50 |    70 ||  1529
Block: Buckler           |       |       |       |       |       |    54 |   161 |    44 |    50 ||   309
       Shield            |       |       |       |       |       |       |     3 |       |       ||     3
       Reflection        |       |       |       |       |       |       |       |       |     1 ||     1
